 Seeded DCSS version 0.30.1-4-g462c640d31 (webtiles) character file.

Game seed: 2842366465528096812 (custom seed)

1 Psyclone the Stinger (level 1, -2/11 HPs)
             Began as an Octopode Venom Mage on Sept 18, 2023.
             Slain by a ball python (3 damage)
             ... on level 2 of the Dungeon.
             The game lasted 00:01:35 (58 turns).

Psyclone the Stinger (Octopode Venom Mage)            Turns: 58, Time: 00:01:36

Health: -2/11      AC:  1    Str:  7    XL:     1   Next: 20%
Magic:  1/3        EV: 10    Int: 17    God:
Gold:   0          SH:  0    Dex: 12    Spells: 3/4 levels left

rFire   . . .        (no weapon)
rCold   . . .        (no shield)
rNeg    . . .        (helmet restricted)
rPois   .            (no amulet)
rElec   .            (no ring)
rCorr   .            (no ring)
SInv    .            (no ring)
Will    .....        (no ring)
Stlth   +++          (no ring)
HPRegen 0.21/turn    (no ring)
MPRegen 0.08/turn    (no ring)
                     (no ring)

%: no passive effects
@: constricted
A: almost no armour, amphibious, 8 rings, camouflage 1, gelatinous body 1,
(nimble swimmer 1), tentacles
a: no special abilities


You were on level 2 of the Dungeon.
You visited 1 branch of the dungeon, and saw 2 of its levels.

Inventory:

Potions
 a - a potion of magic


   Skills:
 + Level 2.0 Dodging
 + Level 2.7 Stealth
 + Level 2.0 Spellcasting
 + Level 1.0 Transmutations
 + Level 3.6 Poison Magic


You had 3 spell levels left.
You knew the following spells:

 Your Spells              Type           Power      Damage    Failure   Level
a - Sting                 Tmut/Pois      36%        1d4       8%          1

Your spell library contained the following spells:

 Spells                   Type           Power      Damage    Failure   Level
 Poisonous Vapours        Pois/Air       14%        N/A       14%         2
 Mephitic Cloud           Conj/Pois/Air  5%         N/A       34%         3
 Olgreb's Toxic Radiance  Pois           14%        N/A       41%         4


Dungeon Overview and Level Annotations

Branches:
Dungeon (2/15) Zot: 11941

Altars:


Innate Abilities, Weirdness & Mutations

You cannot wear most types of armour.
You are amphibious.
You can wear up to eight rings at the same time.
Your skin changes colour to match your surroundings (Stealth+).
Your rubbery body absorbs attacks. (AC +1, EV +1)
((You are camouflaged when in or above water. (Stealth+)))
You have tentacles for arms and can constrict up to eight enemies at once.


Message History

The frilled lizard closely misses you.
You barely miss the frilled lizard. Your grab misses the frilled lizard.
The frilled lizard closely misses you.
You tentacle-slap the frilled lizard but do no damage.
Your grab misses the frilled lizard.
The frilled lizard completely misses you.
Health restored: 11 You tentacle-slap the frilled lizard but do no damage.
Your grab misses the frilled lizard. Your squeeze misses the frilled lizard.
The ball python bites you. The ball python barely misses you.
The ball python bites you but does no damage.
The ball python grabs you. The ball python constricts you.
The frilled lizard closely misses you.
You take 3 damage, and have 8/11 hp.
MASSIVE DAMAGE!!
You barely miss the frilled lizard. Your grab misses the frilled lizard.
The ball python bites you. The ball python constricts you.
The frilled lizard bites you.
You take 3 damage, and have 5/11 hp.
MASSIVE DAMAGE!!
You barely miss the frilled lizard. Your grab misses the frilled lizard.
The ball python closely misses you. The ball python constricts you.
The frilled lizard closely misses you.
You take 1 damage, and have 4/11 hp.
You tentacle-slap the frilled lizard. Your grab misses the frilled lizard.
The frilled lizard is heavily wounded.
The ball python bites you.
* * * LOW HITPOINT WARNING * * *
The ball python constricts you.
* * * LOW HITPOINT WARNING * * *
The frilled lizard closely misses you.
You take 3 damage, and have 1/11 hp.
MASSIVE DAMAGE!!
You closely miss the frilled lizard. Your grab misses the frilled lizard.
Your squeeze misses the frilled lizard.
The frilled lizard is heavily wounded.
The ball python barely misses you. The ball python constricts you.
* * * LOW HITPOINT WARNING * * *
The frilled lizard barely misses you.
You tentacle-slap the frilled lizard.
You kill the frilled lizard!
The ball python bites you.
You die...

##<# ##.## ##.##
#..# #..# #.#.# ###
#.##.#
.....########.###..
#......@.......#
...
#.#.##S.....##.#
##. ##....## .#
##..## .. #### ...
.#.. .###. .. ..


You could see a ball python.

Vanquished Creatures
  A hobgoblin (D:2)
  A frilled lizard (D:2)
2 creatures vanquished.

Notes
Turn   | Place    | Note
-------+----------+-------------------------------------------
     0 | D:1      | Psyclone the Octopode Venom Mage began the quest for the
                  | Orb.
     0 | D:1      | Reached XP level 1. HP: 11/11 MP: 3/3
    58 | D:2      | Slain by a ball python

Illustrated notes

Levels and vault maps discovered:
D:1:      heliophobic_arrival_enchanted_forest, layout_rooms
D:2:      layout_loops_ring, serial_shops, shop, nicolae_square_shop, shop,
          basic_altar, shapermc_ecumenical_altar_starsandcircs,
          minmay_misc_feat_iff, kennysheep_doodads, minivault_19

Action                     || total
---------------------------++-------
  Melee: Unarmed           ||    12
         Constrict         ||     1
         Tentacles         ||     1
   Cast: Sting             ||     2
 Armour: Skin              ||     1
  Dodge: Dodged            ||    12
